 Dungeon Sprint DCSS version 0.19.4-9-g45fd643 (webtiles) character file.

2298 equalderp2856 the Ripper (level 9, -3/44 HPs)
             Began as a Felid Fighter on Feb 22, 2017.
             Was an Initiate of Gozag.
             Killed from afar by a shadow dragon (22 damage)
             ... with a bolt of negative energy
             ... in the Dungeon (Sprint VII: "The Pits").
             The game lasted 00:13:35 (1974 turns).

equalderp2856 the Ripper (Felid Fighter)            Turns: 1974, Time: 00:13:35

Health: -3/44      AC:  2    Str: 13    XL:     9   Next: 17%
Magic:  10/10      EV: 29    Int: 10    God:    Gozag
Gold:   4702       SH:  0    Dex: 18    Spells: 0 memorised, 8 levels left
                                        Lives:  0   Deaths: 2

rFire  . . .     SeeInvis +       - Unarmed
rCold  . . .     Gourm    .     (armour unavailable)
rNeg   . . .     Faith    .     (shield unavailable)
rPois  .         Spirit   .     (helmet unavailable)
rElec  .         Reflect  .     (cloak unavailable)
rCorr  .         Harm     .     (gloves unavailable)
MR     +....     NoTele   +     (boots unavailable)
Stlth  ++++++....               (no amulet)
                                (no ring)
                                (no ring)

@: gold aura, very slightly contaminated, hasted, drained, bribing [the
Dungeon], very quick
A: no armour, no weapons or thrown items, stealth, claws 1, fangs 3, see
invisible, carnivore 3, speed 1, shaggy fur 2, slow metabolism 1, sharp paws
a: Potion Petition, Call Merchant, Bribe Branch, Renounce Religion


You were in the Dungeon.
You worshipped Gozag.
Gozag was most pleased with you.
You were not hungry.

You visited 1 branch You collected 7702 gold pieces.
You paid 3000 gold pieces to Gozag.

Inventory:

Jewellery
 m - a +3 ring of intelligence
 n - a +3 ring of strength
 u - a +4 ring of slaying
 x - an uncursed ring of protection from cold
Scrolls
 j - 6 scrolls of remove curse
 k - 5 scrolls of amnesia
 l - a scroll of summoning
 p - 2 scrolls of fog
 r - a scroll of fear
 s - 2 scrolls of recharging
 w - a scroll of identify
Potions
 a - 3 potions of might
 c - 6 potions of curing
 d - 2 potions of heal wounds
 e - 3 potions of haste
 f - 4 potions of magic
 g - 3 potions of berserk rage
 i - 2 potions of invisibility
 o - 2 potions of cure mutation
 q - 4 potions of brilliance
 t - a potion of resistance
 v - a potion of flight
Comestibles
 b - 8 meat rations


   Skills:
 + Level 8.0(7.4) Fighting
 + Level 13.3(12.6) Dodging
 + Level 15.7(15.0) Stealth
 + Level 18.6(17.8) Unarmed Combat


You had 8 spell levels left.
You didn't know any spells.

Dungeon Overview and Level Annotations

Branches:
Dungeon (1/1)

Altars:
Ashenzari
Cheibriados
Dithmenos
Elyvilon
Fedhas
Gozag
Hepliaklqana
Kikubaaqudgha
Makhleb
Nemelex Xobeh
Okawaru
Qazlal
Ru
Sif Muna
Trog
Uskayaw
Vehumet
Xom
Yredelemnul
Zin
The Shining One
Beogh
Jiyva
Lugonu


Innate Abilities, Weirdness & Mutations

You cannot wear armour.
You are incapable of wielding weapons or throwing items.
Your paws allow you to move quietly. (Stealth)
You have sharp claws.
You have razor-sharp teeth.
You have supernaturally acute eyesight. (SInv)
You are carnivorous and can eat meat at any time.
You cover ground quickly.
You are covered in thick fur. (AC +2)
You have a slow metabolism.
Your sharp claws are effective at attacking unaware monsters.


Message History

Unknown command.
The deep elf annihilator casts a spell.
The deep elf annihilator blinks!
There is a huge open gate to a Minivault (Hard) here.
There is a huge open gate to a Minivault (Hard) here.
You barely miss the deep elf annihilator.
You claw the deep elf annihilator!
The deep elf annihilator is lightly wounded.
The deep elf annihilator gestures at you while chanting.
The iron shot misses you.
You closely miss the deep elf annihilator.
You bite the deep elf annihilator.
The deep elf annihilator is moderately wounded.
The deep elf annihilator hits you with a short sword!
The redback is distracted by the nearby gold.
The shadow dragon breathes negative energy at you.
The bolt of negative energy hits you!
You feel drained.
Ouch! That really hurt!
You die...
Your body crumbles into a pile of gold.

+..#....#..# #v
+..........##########..
#.......^..##..........
##########..#....#..##..........
........++.......$..##..$.$....v
........++..........#####'v###2.
#####..##..#....#..##....)..##.
#..##..........''........##
#..##...e.@..2.''.....)...#
#..####''####''############
#..####D'####''#########
#..##.s..$.##...........
####+##..##.#'##.##.......D...
.........##.#%=+.##..#########
.........##.+})#.##..#
###########Y#$%+.##.)#
###########.'%)#.##.)#


You could see a shadow dragon, a deep elf annihilator, a tormentor (wandering)
and a redback (unaware).

Vanquished Creatures
  A death cob (D)
  2 skeletal warriors (D)
  A sea snake (D)
  An orc knight (D)
  An elephant (D)
  A gargoyle (D)
  A komodo dragon (D)
  A kobold demonologist (D)
  A jumping spider (D)
  A tyrant leech (D)
  A two-headed ogre (D)
  A blink frog (D)
  A wind drake (D)
  A redback (D)
  A fire bat (D)
  A chaos spawn (D)
  2 soldier ants (D)
  A water moccasin (D)
  A floating eye (D)
  2 orc warriors (D)
  An eye of draining (D)
  A centaur (D)
  A bullfrog (D)
  A crimson imp (D)
  A quasit (D)
  3 orc wizards (D)
  4 orc priests (D)
  A worker ant (D)
  A hell rat (D)
  2 adders (D)
  A gnoll (D)
  A river rat (D)
  2 oozes (D)
  An adder skeleton (D)
  A leopard gecko (D)
  16 orcs (D)
  2 ball pythons (D)
  A giant cockroach (D)
  A goblin (D)
  A hobgoblin (D)
  A leopard gecko skeleton (D)
67 creatures vanquished.

Vanquished Creatures (collateral kills)
  A skeletal warrior (D)
  An orc knight (D)
  A black mamba (D)
  A hellwing (D)
  A wandering mushroom (D)
  2 blink frogs (D)
  A warg (D)
  A swamp drake (D)
  A phantom (D)
  2 hell rats (D)
  A worm (D)
  An orc (D)
  A giant cockroach zombie (D)
  A quokka skeleton (D)
16 creatures vanquished.

Vanquished Creatures (others)
  A deep elf blademaster (D)
  An acid blob (D)
  A titan (D)
  An azure jelly (D)
  A daeva (D)
  A nagaraja (D)
  An apis (D)
  A purple draconian (D)
  A deep elf death mage (D)
  A deep elf high priest (D)
  A vault guard (D)
  A vampire mage (D)
  A soul eater (D)
  A fire crab (D)
  6 hell knights (D)
  A wizard (D)
  A deep elf mage (D)
  A yaktaur (D)
  A guardian mummy (D)
  3 insubstantial wisps (D)
  2 orc warriors (D)
  An ogre (D)
  A centaur (D)
  2 orc priests (D)
  A gnoll shaman (D)
  2 orc wizards (D)
  4 gnolls (D)
  7 orcs (D)
  A goblin (D)
  A giant cockroach zombie (D)
49 creatures vanquished.

Grand Total: 132 creatures vanquished

Notes
Turn   | Place    | Note
-------+----------+-------------------------------------------
     0 | D        | equalderp2856 the Felid Fighter began the quest for the Orb.
     0 | D        | Reached XP level 1. HP: 10/10 MP: 2/2
    45 | D        | Found a radiant altar of Vehumet.
    45 | D        | Found a hide-covered altar of Uskayaw.
    45 | D        | Found an ancient bone altar of Kikubaaqudgha.
    45 | D        | Found a viscous altar of Jiyva.
    45 | D        | Found a hazy altar of Hepliaklqana.
    46 | D        | Found a bloodstained altar of Trog.
    46 | D        | Found a deep blue altar of Sif Muna.
    46 | D        | Found a sacrificial altar of Ru.
    46 | D        | Found a stormy altar of Qazlal.
    46 | D        | Found an iron altar of Okawaru.
    46 | D        | Found a sparkling altar of Nemelex Xobeh.
    46 | D        | Found an opulent altar of Gozag.
    46 | D        | Found a blossoming altar of Fedhas.
    46 | D        | Found a white marble altar of Elyvilon.
    46 | D        | Found a shadowy altar of Dithmenos.
    46 | D        | Found a snail-covered altar of Cheibriados.
    47 | D        | Found a glowing golden altar of the Shining One.
    47 | D        | Found a glowing silver altar of Zin.
    49 | D        | Found a roughly hewn altar of Beogh.
    49 | D        | Found a burning altar of Makhleb.
    49 | D        | Found a basalt altar of Yredelemnul.
    50 | D        | Found a shattered altar of Ashenzari.
    50 | D        | Found a corrupted altar of Lugonu.
    50 | D        | Found a shimmering altar of Xom.
    52 | D        | Became a worshipper of Gozag Ym Sagoz the Greedy
    66 | D        | Noticed a floating eye
    70 | D        | Killed a floating eye
    70 | D        | Reached skill level 7 in Unarmed Combat
    70 | D        | Reached XP level 2. HP: 15/15 MP: 3/3
    70 | D        | Reached XP level 3. HP: 19/19 MP: 4/4
    70 | D        | Reached XP level 4. HP: 22/22 MP: 5/5
    83 | D        | Reached skill level 5 in Fighting
    83 | D        | Reached skill level 8 in Unarmed Combat
   184 | D        | Noticed an orc warrior
   214 | D        | Killed an orc warrior
   214 | D        | Reached skill level 9 in Unarmed Combat
   214 | D        | Reached XP level 5. HP: 27/27 MP: 6/6
   221 | D        | Reached skill level 5 in Stealth
   221 | D        | Reached skill level 10 in Unarmed Combat
   235 | D        | Gained mutation: You are covered in thick fur. (AC +2) [Felid growth]
   235 | D        | Reached XP level 6. HP: 31/31 MP: 7/7
   277 | D        | Noticed a water moccasin
   296 | D        | Killed a water moccasin
   296 | D        | Reached skill level 11 in Unarmed Combat
   467 | D        | Noticed a kobold demonologist
   469 | D        | Killed a kobold demonologist
   469 | D        | Reached skill level 12 in Unarmed Combat
   469 | D        | Reached XP level 7. HP: 36/36 MP: 8/8
   472 | D        | Noticed a fire bat
   480 | D        | Killed a fire bat
   480 | D        | Reached skill level 13 in Unarmed Combat
   489 | D        | Noticed a gargoyle
   538 | D        | Killed a gargoyle
   538 | D        | Reached skill level 10 in Dodging
   538 | D        | Reached skill level 10 in Stealth
   538 | D        | Reached XP level 8. HP: 29/40 MP: 9/9
   996 | D        | Noticed a wind drake
  1009 | D        | Killed a wind drake
  1009 | D        | Reached skill level 14 in Unarmed Combat
  1110 | D        | Noticed a two-headed ogre
  1116 | D        | Killed a two-headed ogre
  1116 | D        | Reached XP level 9. HP: 41/43 MP: 10/10
  1126 | D        | Noticed a vampire mage
  1164 | D        | Reached skill level 15 in Unarmed Combat
  1170 | D        | Noticed an elephant
  1173 | D        | Killed an elephant
  1186 | D        | Reached skill level 16 in Unarmed Combat
  1195 | D        | Noticed a black mamba
  1200 | D        | Noticed a wandering mushroom
  1230 | D        | Killed a black mamba
  1264 | D        | Killed a wandering mushroom
  1315 | D        | Noticed a komodo dragon
  1316 | D        | Noticed a skeletal warrior
  1316 | D        | Noticed a deep elf mage
  1319 | D        | Noticed an orc knight
  1343 | D        | Noticed a sea snake
  1346 | D        | Killed a komodo dragon
  1347 | D        | Noticed a skeletal warrior
  1356 | D        | Killed a sea snake
  1359 | D        | Killed a deep elf mage
  1365 | D        | Killed an orc knight
  1365 | D        | Reached skill level 17 in Unarmed Combat
  1365 | D        | Reached XP level 10. HP: 12/48 MP: 7/11
  1372 | D        | Killed a skeletal warrior
  1385 | D        | Killed a skeletal warrior
  1390 | D        | Noticed a skeletal warrior
  1402 | D        | Killed a skeletal warrior
  1662 | D        | Noticed an orc knight
  1662 | D        | Noticed a wizard
  1672 | D        | Killed a wizard
  1673 | D        | Killed an orc knight
  1673 | D        | Reached skill level 15 in Stealth
  1673 | D        | Reached skill level 18 in Unarmed Combat
  1716 | D        | Noticed a death cob
  1722 | D        | Slain by a jumping spider
  1723 | D        | Reached XP level 9. HP: -3/44 MP: 10/10
  1728 | D        | Mangled by a death cob
  1729 | D        | Reached XP level 8. HP: -7/40 MP: 9/9
  1732 | D        | Noticed a hell knight
  1732 | D        | Noticed a hell knight
  1733 | D        | Noticed a hell knight
  1733 | D        | Noticed a hell knight
  1733 | D        | Noticed a daeva
  1733 | D        | Noticed a vault guard
  1733 | D        | Noticed a hell knight
  1734 | D        | Noticed a hell knight
  1737 | D        | Noticed a storm dragon
  1737 | D        | Noticed an apis
  1737 | D        | Noticed an azure jelly
  1740 | D        | Noticed a fire crab
  1740 | D        | Killed a hell knight
  1741 | D        | Killed a hell knight
  1743 | D        | Killed a hell knight
  1744 | D        | Killed a jumping spider
  1746 | D        | Noticed a shadow dragon
  1746 | D        | Killed a hell knight
  1746 | D        | Killed a fire crab
  1747 | D        | Killed a hell knight
  1749 | D        | Killed an apis
  1751 | D        | Killed a hell knight
  1752 | D        | Killed a death cob
  1752 | D        | Reached XP level 9. HP: 44/44 MP: 10/10
  1758 | D        | Killed an azure jelly
  1776 | D        | Killed a guardian mummy
  1804 | D        | Killed a nagaraja
  1807 | D        | Killed a daeva
  1832 | D        | Noticed a titan
  1850 | D        | Noticed a deep elf blademaster
  1850 | D        | Noticed a purple draconian
  1852 | D        | Noticed a yaktaur
  1858 | D        | Killed an acid blob
  1859 | D        | Noticed a deep elf high priest
  1859 | D        | Noticed a tormentor
  1860 | D        | Killed a soul eater
  1861 | D        | Noticed a tormentor
  1861 | D        | Noticed an alligator snapping turtle
  1862 | D        | Noticed a dire elephant
  1863 | D        | Killed a deep elf blademaster
  1863 | D        | Killed a deep elf high priest
  1889 | D        | Killed a yaktaur
  1895 | D        | Killed a purple draconian
  1897 | D        | Killed a titan
  1942 | D        | Noticed a deep elf annihilator
  1942 | D        | Noticed a deep elf death mage
  1943 | D        | Noticed a guardian serpent
  1943 | D        | Noticed a dire elephant
  1943 | D        | Noticed a guardian serpent
  1944 | D        | Killed a deep elf death mage
  1955 | D        | Killed a vault guard
  1974 | D        | Killed from afar by a shadow dragon

Skill      XL: |  1  2  3  4  5  6  7  8  9 10 |
---------------+-------------------------------+-----
Fighting       | 4 5 6 7 8 |  8.0
Dodging        | 6 7 8 9 10 11 12 13 | 13.3
Stealth        | 2 4 5 8 10 11 14 15 | 15.7
Unarmed Combat | 7 9 10 12 13 14 17 18 | 18.6

Action                   |  1- 3 |  4- 6 |  7- 9 | 10-12 || total
-------------------------+-------+-------+-------+-------++-------
Melee: Unarmed           |     4 |    74 |   107 |    42 ||   227
       Bite              |       |    12 |    12 |     6 ||    30
       Punch             |       |       |     9 |     4 ||    13
Invok: Bribe Branch      |       |       |     1 |       ||     1
  Use: Potion            |       |     3 |     8 |     4 ||    15
       Scroll            |       |       |     1 |       ||     1
 Stab: Sleeping          |     2 |     3 |     7 |       ||    12
       Distracted        |       |       |     1 |       ||     1
Armor: Skin              |       |     1 |       |     1 ||     2
Dodge: Dodged            |     2 |    60 |    85 |    39 ||   186
